 Dungeon Crawl Stone Soup version 0.28.0-45-g0d030f2227 (webtiles) character file.

Game seed: 13286472493533066988

2465 Faeu the Skirmisher (level 9, 0/79 HPs)
             Began as a Minotaur Fighter on Apr 2, 2022.
             Was a Follower of Wu Jian.
             Killed from afar by a steam dragon (15 damage)
             ... with a ball of steam
             ... on level 7 of the Dungeon.
             The game lasted 00:30:33 (6681 turns).

Faeu the Skirmisher (Minotaur Fighter)              Turns: 6681, Time: 00:30:33

Health: 0/79       AC:  9    Str: 24    XL:     9   Next: 26%
Magic:  8/8        EV: 11    Int:  5    God:    Wu Jian [*.....]
Gold:   280        SH:  5    Dex: 11    Spells: 8/8 levels left

rFire   . . .      SeeInvis .   f - +3 flail (venom) {mace}
rCold   . . .      Faith    .   c - +0 buckler
rNeg    . . .      Spirit   .   b - +0 scale mail
rPois   .          Reflect  .   (helmet restricted)
rElec   .          Harm     .   (no cloak)
rCorr   .          Rampage  .   w - +0 pair of gloves
Will    .....                   (no boots)
Stlth   ..........              x - amulet of the acrobat
HPRegen 0.23/turn               (no ring)
MPRegen 0.11/turn               (no ring)

@: no status effects
A: horns 2, retaliatory headbutt
a: Renounce Religion


You were on level 7 of the Dungeon.
You worshipped Wu Jian.
Wu Jian was aware of your devotion.
You visited 2 branches of the dungeon, and saw 8 of its levels.

You collected 280 gold pieces.


Innate Abilities, Weirdness & Mutations

You have a pair of horns on your head.
You reflexively headbutt those who attack you in melee.


   Skills:
 + Level 7.1 Fighting
 + Level 6.5 Axes
 + Level 5.0 Throwing
 + Level 7.0 Armour
 + Level 5.4 Dodging
 + Level 7.1 Shields


You had 8 spell levels left.
You didn't know any spells.
Your spell library contained the following spells:

 Spells                   Type           Power      Damage    Failure   Level
 Magic Dart               Conj           0%         1d3       83%         1
 Shock                    Conj/Air       0%         1d3       83%         1
 Confusing Touch          Hex            0%         N/A       99%         3
 Ozocubu's Armour         Ice            0%         N/A       99%         3
 Swiftness                Air            0%         N/A       99%         3
 Airstrike                Air            0%         N/A       100%        4
 Lightning Bolt           Conj/Air       0%         1d11      100%        5
 Metabolic Englaciation   Hex/Ice        0%         N/A       100%        5
 Yara's Violent Unravell  Hex/Tmut       0%         3d3       100%        5
 Simulacrum               Ice/Necr       0%         N/A       100%        6
 Starburst                Conj/Fire      0%         6d3       100%        6
 Enfeeble                 Hex            0%         N/A       100%        7
 Summon Horrible Things   Summ           0%         N/A       100%        8

Inventory:

Hand Weapons
 a - a +0 war axe {axe}
 d - a +1 whip of flaming {mace}
   (You took it off Pikel on level 6 of the Dungeon)
 f - a +3 flail of venom (weapon) {mace}
   (You took it off Edmund on level 7 of the Dungeon)
 g - a +2 dagger of draining {short}
   (You took it off a kobold on level 1 of the Dungeon)
 k - a +1 dagger of venom {short}
   (You took it off a goblin on level 1 of the Dungeon)
 o - a +1 whip of venom {mace}
   (You took it off a kobold on level 2 of the Dungeon)
 u - a +3 short sword {short}
   (You found it on level 3 of the Dungeon)
 E - a +1 trident of holy wrath {polearm}
   (You took it off a gnoll sergeant on level 7 of the Dungeon)
Missiles
 H - a boomerang (quivered) {throwing}
 I - 5 poisoned darts {throwing}
Armour
 b - a +0 scale mail (worn)
 c - a +0 buckler (worn)
 q - a +1 robe of fire resistance
   (You took it off Jessica on level 2 of the Dungeon)
 s - a +0 buckler
   (You found it on level 3 of the Dungeon)
 v - a +3 leather armour of willpower
   (You took it off Duvessa on level 4 of the Dungeon)
 w - a +0 pair of gloves (worn)
   (You found it on level 4 of the Dungeon)
 D - a +0 robe of resistance
   (You took it off an orc wizard on level 7 of the Dungeon)
Jewellery
 x - an amulet of the acrobat (around neck)
   (You found it on level 4 of the Dungeon)
Wands
 h - a wand of flame (20)
   (You found it on level 1 of the Dungeon)
 y - a wand of polymorph (14)
   (You found it on level 4 of the Dungeon)
 F - a wand of iceblast (13)
   (You found it on level 6 of the Dungeon)
Scrolls
 m - a scroll of teleportation {unknown}
 n - 3 scrolls of blinking {!r}
 z - 2 scrolls of noise {unknown}
 A - 2 scrolls of torment {unknown}
 B - a scroll of enchant armour {unknown}
 C - a scroll of fear {unknown}
Potions
 e - a potion of mutation {unknown}
 i - 4 potions of haste {@q3}
 j - 2 potions of resistance {unknown}
 l - a potion of curing {unknown}
 p - 2 potions of degeneration {!q@e2}
 r - a potion of cancellation {unknown}
 t - a potion of lignification {unknown}
 J - a potion of magic {unknown}
Miscellaneous
 G - a piece from Xom's chessboard (15/15)
   (You found it on level 6 of the Dungeon)

Dungeon Overview and Level Annotations

Branches:
Dungeon (7/15)             Temple (1/1) D:6

Altars:
Cheibriados
Dithmenos
Hepliaklqana
Makhleb
Nemelex Xobeh
Okawaru
Qazlal
Ru
Sif Muna
Trog
Uskayaw
Vehumet
Wu Jian
Yredelemnul
Zin
The Shining One

Shops:
D:6 (:!(

Annotations:
D:6 axe, exclusion: downstairs

. ##. .. #.. ... #.#
#... ##.# #..#
##..####...#
####....#.....#
#....D@.ยงยง.#
....####..### . #..#
..# ....# ##.# ##.#
#....
###..#####...##....
###.............#....
......................
#...###....####.......
#..# ##.### #.....


You could see a steam dragon (very poisoned, catching breath).


Message History

You hit the orc warrior.
The orc warrior looks as sick as possible!
An orc comes into view. It is wielding a +0 trident.
The orc priest invokes the aid of Beogh against you.
Beogh smites you! The orc warrior barely misses you. You furiously retaliate!
You headbutt the orc warrior. ๐Ÿ˜ฎ HP[-11]
You take 11 damage, and now have 48/79 hp.
The orc shouts!
You thump the orc warrior!
You kill the orc warrior!
The Council accepts your kill.
The orc priest mumbles some strange prayers to Beogh against you.
Beogh smites you!
* * * LOW HITPOINT WARNING * * *
Things that are here:
a +0 glaive {polearm}; a +0 chain mail; an orc corpse ๐Ÿ˜จ HP[-13]
You take 13 damage, and now have 35/79 hp.
You lunge at the orc.
You closely miss the orc. Your headbutt misses the orc.
You spin and attack the orc priest.
You thump the orc priest! Your headbutt misses the orc priest.
The orc priest looks satisfied for a moment.
The orc hits you with a +0 trident.
* * * LOW HITPOINT WARNING * * *
๐Ÿ˜จ HP[-3]
You take 3 damage, and now have 32/79 hp.
You block the orc's attack. The orc priest misses you.
The orc completely misses you.
You hit the orc priest. The orc closely misses you.
You block the orc priest's attack. ๐Ÿ˜จ HP[+1]
You hit the orc priest.
You kill the orc priest!
The Council accepts your kill. The orc hits you but does no damage.
The orc closely misses you.
Your Throwing skill increases to level 5!
The orc misses you.
Things that are here:
a +0 morningstar {mace}; a +0 leather armour The orc completely misses you.
Things that are here:
a +0 glaive {polearm}; a +0 chain mail; an orc corpse You lunge at the orc, but your attack speed is too slow for a blow to land.
The orc completely misses you. You furiously retaliate!
You headbutt the orc. ๐Ÿ˜จ HP[+1]
You barely miss the orc. The orc hits you but does no damage.
You hit the orc.
You kill the orc!
The Council accepts your kill.
You see here a +0 trident {polearm}. ๐Ÿ˜จ HP[+1]
You see here a +0 trident {polearm}.
Things that are here:
a +0 glaive {polearm}; a +0 chain mail; an orc corpse
Things that are here:
a +0 shortbow {bow}; 25 arrows; a centaur corpse ๐Ÿ˜จ HP[+1]
Things that are here:
a +0 morningstar {mace}; a +0 leather armour ๐Ÿ˜จ HP[+1] ๐Ÿ˜จ HP[+1] ๐Ÿ˜จ HP[+1]
You start resting.
A gnoll sergeant comes into view.
It is wielding a +0 trident of flaming. ๐Ÿ˜ฎ HP[+16]
You regained 16 hp, and now have 55/79 hp. ๐Ÿ˜ฎ HP[+1] ๐Ÿ˜ฎ HP[+1]
A steam dragon comes into view.
The steam dragon breathes steam at you. The ball of steam hits you!
The steam dragon moves out of view. ๐Ÿ˜ฎ HP[-16]
You take 16 damage, and now have 41/79 hp.
MASSIVE DAMAGE!! (PAUSE) ๐Ÿ˜ฎ HP[+1]
You closely miss the steam dragon.
You are engulfed in a cloud of scalding steam.
The steam dragon closely misses you. You furiously retaliate!
You headbutt the steam dragon.
You block the steam dragon's attack. ๐Ÿ˜ฎ HP[-1]
You take 1 damage, and now have 41/79 hp.
You hit the steam dragon but do no damage.
The steam dragon is poisoned.
You are engulfed in a cloud of scalding steam.
The steam dragon breathes steam at you. The ball of steam hits you!!
* * * LOW HITPOINT WARNING * * *
๐Ÿ˜จ HP[-20]
You take 20 damage, and now have 21/79 hp.
MASSIVE DAMAGE!! (PAUSE)
You closely miss the steam dragon. The steam dragon closely misses you.
The steam dragon claws you.
* * * LOW HITPOINT WARNING * * *
You barely miss the steam dragon. Your headbutt misses the steam dragon.
You are engulfed in a cloud of scalding steam.
* * * LOW HITPOINT WARNING * * *
The steam dragon breathes steam at you. The ball of steam hits you!
You die...

Skill      XL: |  1  2  3  4  5  6  7  8  9 |
---------------+----------------------------+-----
Fighting       | 4 5 6 7 |  7.1
Dodging        | 1 2 3 5 |  5.4
Axes           | 3 4 5 6 |  6.5
Throwing       | 1 2 3 4 5 |  5.0
Armour         | 4 5 6 7 |  7.0
Shields        | 4 5 6 7 |  7.1

Action                   |  1- 3 |  4- 6 |  7- 9 || total
-------------------------+-------+-------+-------++-------
Melee: War axe           |    66 |   145 |    55 ||   266
       Headbutt          |     5 |    19 |    28 ||    52
       Flail             |       |       |    92 ||    92
Invok: Lunge             |       |       |     9 ||     9
       Whirlwind         |       |       |     1 ||     1
  Use: Scroll            |       |       |     4 ||     4
       Potion            |       |       |     3 ||     3
Armor: Scale mail        |    35 |    74 |    55 ||   164
Dodge: Dodged            |    28 |    76 |   104 ||   208
Block: Buckler           |    17 |    28 |    39 ||    84

Levels and vault maps discovered:
D:1:      minmay_arrival_pointy, layout_basic,
          hellmonk_ecumenical_altar_lost_god
D:2:      layout_basic, serial_corexii_hall, corexii_hall_statues_x,
          corexii_hall_statues_deadend, uniq_jessica
D:3:      layout_basic, nicolae_overflow_ecumenical_swirl
D:4:      layout_layer_cave, uniq_duvessa
D:5:      cheibrodos_barr_body, layout_basic, gammafunk_ghost_smash,
          serial_shops, nicolae_shop_advertising_works
          [nicolae_subvault_shop_adworks], roderic_roman_lattice,
          grunt_decor_resistance
D:6:      layout_basic, makhleb_heckhound_becter,
          minmay_temple_entry_stoned_glass, serial_shops,
          nicolae_shop_bloodbath_and_beyond, shop, shop,
          nicolae_shop_hallway_plus, hellmonk_bongcloud_opening, uniq_edmund,
          uniq_pikel
D:7:      layout_layer_cave, lemuel_tele_altar, nicolae_overflow_hidden_temple,
          enter_bailey_2, uniq_prince_ribbit1
Temple:   nicolae_temple_great_sept

Notes
Turn   | Place    | Note
-------+----------+-------------------------------------------
     0 | D:1      | Faeu the Minotaur Fighter began the quest for the Orb.
     0 | D:1      | Reached XP level 1. HP: 19/19 MP: 0/0
     0 | D:1      | magus.rc [v1.9.6]
   122 | D:1      | Reached XP level 2. HP: 27/27 MP: 1/1
   297 | D:1      | Found a faded altar of an unknown god.
   427 | D:1      | Reached skill level 4 in Fighting
   530 | D:1      | Reached XP level 3. HP: 33/33 MP: 2/2
   634 | D:2      | Reached skill level 1 in Dodging
   649 | D:2      | Reached skill level 3 in Axes
   649 | D:2      | Reached skill level 1 in Throwing
   649 | D:2      | Reached skill level 4 in Armour
   649 | D:2      | Reached skill level 4 in Shields
   846 | D:2      | Reached XP level 4. HP: 40/40 MP: 3/3
  1117 | D:2      | Noticed Jessica
  1545 | D:2      | Killed Jessica
  1546 | D:2      | Reached XP level 5. HP: 45/47 MP: 4/4
  1781 | D:3      | Reached skill level 2 in Throwing
  2072 | D:3      | You pick up a book of Misfortune and begin reading...
  2072 | D:3      | You add the spells Confusing Touch, Yara's Violent
                  | Unravelling and Enfeeble to your library.
  2203 | D:3      | Found a faded altar of an unknown god.
  2218 | D:3      | Found a shadowy altar of Dithmenos.
  2318 | D:4      | Noticed Duvessa
  2322 | D:4      | Noticed Dowan
  2326 | D:5      | Entered Level 5 of the Dungeon
  2388 | D:5      | Noticed a sky beast
  2396 | D:4      | Killed Duvessa
  2397 | D:4      | Reached skill level 4 in Axes
  2397 | D:4      | Reached skill level 2 in Dodging
  2397 | D:4      | Reached XP level 6. HP: 32/53 MP: 5/5
  2412 | D:4      | Killed Dowan
  2577 | D:4      | Reached skill level 5 in Fighting
  2940 | D:4      | Reached skill level 5 in Shields
  3202 | D:4      | Reached skill level 5 in Armour
  3496 | D:4      | You pick up a book of Air and begin reading...
  3496 | D:4      | You add the spells Shock, Swiftness and Airstrike to your
                  | library.
  3700 | D:5      | Reached XP level 7. HP: 61/61 MP: 6/6
  3795 | D:5      | Reached skill level 3 in Dodging
  3797 | D:5      | HP: 14/61 [gnoll shaman/+0 club (5)]
  3810 | D:6      | HP: 13/61 [gnoll/+0 club (4)]
  3814 | D:6      | HP: 4/61 [gnoll/+0 club (5)]
  3815 | D:6      | Reached skill level 3 in Throwing
  4103 | D:6      | Found a staircase to the Ecumenical Temple.
  4114 | Temple   | Entered the Ecumenical Temple
  4154 | Temple   | Became a worshipper of the Wu Jian Council
  4197 | D:6      | You add the spells Magic Dart, Lightning Bolt, Starburst
                  | and Summon Horrible Things to your library.
  4197 | D:6      | Got Dionipo's Incunabulum of the Soldier
  4199 | D:6      | Found Hiyciax's Book Shop.
  4199 | D:6      | Found Inal's Distillery.
  4259 | D:6      | Noticed Edmund
  4276 | D:7      | HP: 10/61 [poisoned by Edmund]
  4279 | D:7      | Killed Edmund
  4281 | D:7      | HP: 5/61 [poisoned by Edmund]
  4282 | D:7      | HP: 2/61 [poisoned by Edmund]
  4290 | D:7      | Found a shimmering blue altar of Sif Muna.
  4297 | D:7      | HP: 12/61 [water moccasin (4)]
  4302 | D:7      | Reached skill level 5 in Axes
  4604 | D:6      | Noticed Pikel
  4640 | D:6      | Found a burning altar of Makhleb.
  4646 | D:6      | Reached XP level 8. HP: 70/70 MP: 7/7
  4655 | D:6      | Killed Pikel
  4656 | D:6      | Reached skill level 6 in Fighting
  4656 | D:6      | Reached skill level 4 in Throwing
  4656 | D:6      | Reached skill level 6 in Armour
  4656 | D:6      | Reached skill level 4 in Dodging
  4656 | D:6      | Reached skill level 6 in Shields
  4904 | D:6      | Found Exzich's Weapon Boutique.
  4915 | D:6      | magus.rc [v1.9.6]
  4955 | D:6      | Found Vuphog's Weapon Emporium.
  5045 | D:7      | Found a sacrificial altar of Ru.
  5065 | D:7      | Noticed Prince Ribbit
  5082 | D:7      | Killed Prince Ribbit
  5083 | D:7      | Reached skill level 6 in Axes
  5458 | D:6      | Reached skill level 5 in Dodging
  5458 | D:6      | Reached XP level 9. HP: 43/78 MP: 8/8
  6461 | D:7      | You pick up a book of Winter and begin reading...
  6461 | D:7      | You add the spells Ozocubu's Armour, Metabolic Englaciation
                  | and Simulacrum to your library.
  6558 | D:7      | Reached skill level 7 in Fighting
  6561 | D:7      | Reached * piety under Wu Jian
  6562 | D:7      | Reached skill level 7 in Armour
  6562 | D:7      | Reached skill level 7 in Shields
  6571 | D:7      | Reached skill level 5 in Throwing
  6681 | D:7      | HP: 15/79 [steam dragon] (6)]
  6681 | D:7      | Killed from afar by a steam dragon

Vanquished Creatures
  Pikel (D:6)
  Prince Ribbit (D:7)
  Edmund (D:7)
  A water moccasin (D:7)
  Duvessa (D:4)
  A sky beast (D:5)
  A black bear (D:6)
  3 orc warriors
  A centaur (D:7)
  An ogre (D:4)
  A gnoll sergeant (D:7)
  A bullfrog (D:7)
  A water moccasin zombie (D:6)
  Dowan (D:4)
  A hound (D:6)
  A centaur skeleton (D:7)
  A gnoll shaman (D:6)
  2 orc priests
  A jelly (D:4)
  Jessica (D:2)
  2 iguanas
  4 orc wizards
  6 gnolls
  7 adders
  A white imp (D:7)
  An ufetubus (D:6)
  3 worms
  3 dart slugs
  23 orcs
  5 ball pythons
  5 bats
  7 endoplasms
  2 giant cockroaches
  7 goblins
  7 hobgoblins
  6 jackals
  4 quokkas
  5 frilled lizards
  6 kobolds
  5 rats
132 creatures vanquished.

Table legend:
 A = Non-vault XP
 B = Vault XP
 C = Vault XP percentage of total XP
 D = Non-vault monster count
 E = Vault monster count
 F = Vault count percentage of total count
                 A         B        C        D         E       F
            +---------+---------+-------+---------+---------+-------
      Total |    2096 |    1426 |  40.5 |     125 |       7 |   5.3
            +---------+---------+-------+---------+---------+-------
        D:1 |      43 |       0 |   0.0 |      24 |       0 |   0.0
        D:2 |     108 |      37 |  25.5 |      27 |       1 |   3.6
        D:3 |     108 |       0 |   0.0 |      22 |       0 |   0.0
        D:4 |     188 |     207 |  52.4 |      12 |       2 |  14.3
        D:5 |     192 |       0 |   0.0 |       5 |       0 |   0.0
        D:6 |     695 |     708 |  50.5 |      20 |       2 |   9.1
        D:7 |     762 |     474 |  38.3 |      15 |       2 |  11.8
            +---------+---------+-------+---------+---------+-------

Illustrated notes

Table legend:
 A = Kills in this place as a percentage of kills in entire the game.
 B = Kills by you in this place as a percentage of kills by you in the entire game.
 C = Kills by friends in this place as a percentage of kills by friends in the entire game.
 D = Other kills in this place as a percentage of other kills in the entire game.
 E = Experience gained in this place as a percentage of experience gained in the entire game.
 F = Experience gained in this place divided by the number of levels of this place that you have seen.
                   A       B       C       D       E      F
               +-------+-------+-------+-------+-------+----------------------
         Total | 100.0 | 100.0 |   N/A |   N/A | 100.0 | 440.2
       Dungeon | 100.0 | 100.0 |   N/A |   N/A | 100.0 | 503.1
               +-------+-------+-------+-------+-------+----------------------

Table legend: (Time is in decaauts)
 A = Elapsed time spent in this place.
 B = Non-inter-level travel time spent in this place.
 C = Inter-level travel time spent in this place.
 D = Time resting spent in this place.
 E = Time spent auto-exploring this place.
 F = Levels seen in this place.
 G = Mean time per level.
                   A        B        C        D        E       F      G
               +--------+--------+--------+--------+--------+-----+--------+
         Total |   6802 |   6607 |    195 |   1787 |   2294 |   8 |  850.2 |
       Dungeon |   6743 |   6548 |    195 |   1787 |   2294 |   7 |  963.3 |
        Temple |     59 |     59 |      0 |      0 |      0 |   1 |   59.0 |
               +--------+--------+--------+--------+--------+-----+--------+

Top non-repeatable levels by time:
     D:6: 2317 daAuts
     D:4: 1195 daAuts
     D:2: 967 daAuts
     D:3: 785 daAuts
     D:1: 598 daAuts
     D:7: 532 daAuts
     D:5: 348 daAuts
  Temple: 59 daAuts
